 Dungeon Crawl Stone Soup version 0.25-a0-277-g7046ed1b37 (webtiles) character file.

Game seed: 5727013923649312856, levelgen mode: deterministic

120 Jerej03 the Stinger (level 5, -3/28 HPs)
             Began as a Tengu Venom Mage on Dec 9, 2019.
             Slain by Duvessa
             ... wielding a +0 short sword
              (7 damage)
             ... on level 4 of the Dungeon.
             The game lasted 00:21:13 (1738 turns).

Jerej03 the Stinger (Tengu Venom Mage)              Turns: 1738, Time: 00:21:16

Health: -3/28      AC:  2    Str:  9    XL:     5   Next: 4%
Magic:  3/18       EV: 13    Int: 16    God:
Gold:   48         SH:  0    Dex: 14    Spells: 3/9 levels left

rFire    x . .     SeeInvis .   y - +3 dagger
rCold    + . .     Gourm    .   (no shield)
rNeg     . . .     Faith    +   a - +0 robe
rPois    .         Spirit   .   (helmet restricted)
rElec    .         Reflect  .   (no cloak)
rCorr    .         Harm     .   (no gloves)
MR       .....                  (boots unavailable)
Stlth    ++........             k - amulet of faith
HPRegen  0.09/turn              n - ring of magical power
MPRegen  0.16/turn              o - ring of ice

@: very slightly contaminated
A: beak, talons 3, able to fly
a: Fly


You were on level 4 of the Dungeon.
You were not hungry.

You visited 1 branch of the dungeon, and saw 4 of its levels.

You collected 48 gold pieces.

Inventory:

Hand Weapons
 h - a +0 dagger
 l - a +0 short sword
 m - a +0 short sword
 q - a +0 hand axe
 y - a +3 dagger (weapon)
Missiles
 u - 7 arrows
 v - 12 bolts
Armour
 a - a +0 robe (worn)
 d - a +0 pair of boots
 r - a +0 robe
 t - a +0 helmet
 A - a +0 pair of gloves
Jewellery
 k - an amulet of faith (around neck)
 n - a ring of magical power (left hand)
 o - a ring of ice (right hand)
 s - an uncursed ring of ice
Scrolls
 b - a scroll of noise {unknown}
 i - a scroll of enchant weapon {unknown}
 j - a scroll of remove curse {unknown}
 p - a scroll of blinking {unknown}
 w - a scroll of amnesia
 x - a scroll of teleportation {unknown}
 z - a scroll of identify {unknown}
 B - a scroll of magic mapping {unknown}
Potions
 e - a potion of mutation {unknown}
 f - a potion of curing {unknown}
 g - a potion of cancellation {unknown}
Comestibles
 c - 5 rations


   Skills:
 * Level 1.2 Short Blades
 + Level 2.3 Dodging
 + Level 2.1 Stealth
 + Level 2.5 Spellcasting
 + Level 1.6 Transmutations
 * Level 4.4 Poison Magic


You had 3 spell levels left.
You knew the following spells:

 Your Spells              Type           Power        Failure   Level  Hunger
a - Sting                 Tmut/Pois      ##..         5%          1    #......
b - Poisonous Vapours     Pois/Air       #.....       12%         2    ##.....
c - Ignite Poison         Fire/Tmut/Pois #.......     26%         3    ###....

Your spell library contained the following spells:

 Spells                   Type           Power        Failure   Level  Hunger
 Mephitic Cloud           Conj/Pois/Air  #.......     32%         3    ###....
 Olgreb's Toxic Radiance  Pois           ###.....     32%         4    #####..


Dungeon Overview and Level Annotations

Branches:
Dungeon (4/15)
 Temple: D:4-7

Altars:
The Shining One

Annotations:
D:4 1 transporter, 1 runed translucent door, Dowan, Duvessa


Innate Abilities, Weirdness & Mutations

You have a beak for a mouth.
You have claws for feet.
You can fly continuously.


Message History

Duvessa says, "When magic and the sword combine, nothing stands against them."
Duvessa says, "Where magic fails, the sword succeeds!"
Duvessa looks more healthy.
Casting: Sting (safe; 5% risk of failure)
Confirm with . or Enter, or press ? or * to list all spells.
Aiming: Sting (safe; 5% risk of failure)
Press: ? - help, Shift-Dir - straight line, f/p - Duvessa
Aim: Duvessa, wielding a +0 short sword and wearing a +0 ring mail (heavily wounded)
The sting hits Duvessa but does no damage.
Duvessa is poisoned.
Duvessa is heavily wounded.
Duvessa hits you with a +0 short sword.
* * * LOW HITPOINT WARNING * * *
Casting: Sting (safe; 5% risk of failure)
Confirm with . or Enter, or press ? or * to list all spells.
You ignite the poison in your surroundings!
Duvessa seems to burn from within!
Duvessa is almost dead.
Duvessa hits you with a +0 short sword!
You die...

#.. ..#.. .... ....
....### ...#
.......#...##
....".......##.
...............
.........>..... #
#......@......# #>
..#....e...#..# # ..
####.e...#
....#.######..###...
#.....<.)..........
###.####e##.#....##
#.####...##
#..###e.# .#.#.
☼#.......# .#)..


You could see Duvessa and Dowan.

Vanquished Creatures
  A scorpion (D:4)
  2 adders
  2 oozes (D:1)
  3 dart slugs
  2 orcs
  3 bats
  4 giant cockroaches
  3 goblins
  2 hobgoblins
  A quokka (D:2)
  A ball python (D:1)
  3 frilled lizards
  8 kobolds
  8 rats
43 creatures vanquished.

Notes
Turn   | Place    | Note
-------+----------+-------------------------------------------
     0 | D:1      | Jerej03 the Tengu Venom Mage began the quest for the Orb.
     0 | D:1      | Reached XP level 1. HP: 10/10 MP: 4/4
    93 | D:1      | Reached XP level 2. HP: 15/15 MP: 4/6
   335 | D:1      | Reached skill level 1 in Transmutations
   353 | D:1      | Reached XP level 3. HP: 14/19 MP: 0/7
   663 | D:1      | Learned a level 2 spell: Poisonous Vapours
   668 | D:1      | Learned a level 3 spell: Ignite Poison
  1119 | D:2      | Reached skill level 4 in Poison Magic
  1401 | D:2      | Reached XP level 4. HP: 22/24 MP: 8/8
  1504 | D:3      | Found a glowing golden altar of the Shining One.
  1555 | D:3      | Noticed an orc warrior
  1713 | D:4      | Reached skill level 1 in Short Blades
  1713 | D:4      | Gained mutation: You can fly continuously. [Tengu growth]
  1713 | D:4      | Reached XP level 5. HP: 14/28 MP: 9/9
  1715 | D:4      | Found a transporter.
  1718 | D:4      | Found a runed translucent gate.
  1718 | D:4      | Noticed Dowan
  1719 | D:4      | Noticed Duvessa
  1738 | D:4      | Slain by Duvessa

Levels and vault maps discovered:
D:1:      psy_arrival_terrarium, layout_loops_ring, kennysheep_doodads
D:2:      layout_loops_ring, lightli_corner_chamber
D:3:      layout_rooms, old_standard_altar, kennysheep_generic_room_11
D:4:      gammafunk_cloud_chamber, layout_cave_pools,
          gammafunk_ghost_necromancy, first_ration, uniq_duvessa

Skill      XL: |  1  2  3  4 |
---------------+-------------+-----
Transmutations | 1 |  1.6
Poison Magic   | 4 |  4.4
Short Blades   | 1 |  1.2
Dodging        | |  2.3
Stealth        | |  2.1
Spellcasting   | |  2.5

Action                   |  1- 3 |  4- 6 || total
-------------------------+-------+-------++-------
Melee: Unarmed           |     3 |       ||     3
       Hand axe          |     1 |       ||     1
       Kick              |     1 |       ||     1
 Cast: Sting             |    46 |    10 ||    56
       Ignite Poison     |     4 |     6 ||    10
       Poisonous Vapours |     3 |     6 ||     9
  Use: Scroll            |       |     1 ||     1
  Eat: Chunk             |     3 |       ||     3
       Ration            |       |     1 ||     1
Armor: Robe              |     7 |     1 ||     8
Dodge: Dodged            |    35 |     7 ||    42

Table legend:
 A = Non-vault XP
 B = Vault XP
 C = Vault XP percentage of total XP
 D = Non-vault monster count
 E = Vault monster count
 F = Vault count percentage of total count
                 A         B        C        D         E       F
            +---------+---------+-------+---------+---------+-------
      Total |     172 |       0 |   0.0 |      43 |       0 |   0.0
            +---------+---------+-------+---------+---------+-------
        D:1 |      50 |       0 |   0.0 |      23 |       0 |   0.0
        D:2 |      32 |       0 |   0.0 |      13 |       0 |   0.0
        D:3 |      20 |       0 |   0.0 |       5 |       0 |   0.0
        D:4 |      70 |       0 |   0.0 |       2 |       0 |   0.0
            +---------+---------+-------+---------+---------+-------
